 Dungeon Crawl Stone Soup version 0.30-a0-772-g5528072125 (webtiles) character file.

Game seed: 12884686115245494725

201 Newt the Shooter (level 6, 0/40 HPs)
             Began as a Kobold Hunter on Feb 12, 2023.
             Was a Believer of Cheibriados.
             Slain by Pargi (1 damage)
             ... on level 3 of the Dungeon.
             The game lasted 00:02:49 (2479 turns).

Newt the Shooter (Kobold Hunter)                    Turns: 2479, Time: 00:02:50

Health: 0/40       AC:  3    Str: 21    XL:     6   Next: 7%
Magic:  0/6        EV: 15    Int: 10    God:    Cheibriados [**....]
Gold:   148        SH:  0    Dex: 24    Spells: 5/5 levels left

rFire   . . .      SeeInvis .    a - +0 shortbow
rCold   . . .      Faith    .    (shield currently unavailable)
rNeg    . . .      Spirit   .    c - +0 leather armour
rPois   .          Reflect  .    (no helmet)
rElec   .          Harm     .    (no cloak)
rCorr   .          Rampage  .    (no gloves)
Will    .....                    (no boots)
Stlth   ++++                     (no amulet)
HPRegen 0.26/turn                (no ring)
MPRegen 0.10/turn                (no ring)

@: very slow
A: small, no large weapons, nightstalker 3, thin skeletal structure 1, dopey 1,
strong 2
a: Renounce Religion, Bend Time


You were on level 3 of the Dungeon.
You worshipped Cheibriados.
Cheibriados was pleased with you.
You visited 1 branch of the dungeon, and saw 3 of its levels.

You collected 148 gold pieces.

Inventory:

Hand Weapons
 a - a +0 shortbow (weapon)
Armour
 c - a +0 leather armour (worn)
Jewellery
 g - a ring of protection from cold
Wands
 d - a wand of paralysis (3)
Scrolls
 b - a scroll of immolation
 f - a scroll of identify
 j - a scroll of poison
Potions
 e - a potion of mutation


   Skills:
 - Level 5.0 Fighting
 + Level 7.2 Ranged Weapons
 - Level 2.4 Dodging
 - Level 1.3 Stealth


You had 5 spell levels left.
You didn't know any spells.
Your spell library contained the following spells:

 Spells                   Type           Power      Damage    Failure   Level
 Gell's Gravitas          Tloc           0%         N/A       78%         3
 Teleport Other           Tloc           0%         N/A       78%         3
 Dispersal                Tloc           0%         N/A       100%        6


Dungeon Overview and Level Annotations

Branches:
Dungeon (3/15)

Altars:
Cheibriados

Annotations:
D:3 Pargi, Sigmund


Innate Abilities, Weirdness & Mutations

You are small and have problems with some larger weapons.
You are completely attuned to the shadows.
You have a somewhat thin skeletal structure. (Dex +2, Stealth+)
You are dopey. (Int -2)
Your muscles are very strong. (Str +8, Int/Dex -2)


Message History

Sigmund hits you from afar with a +0 scythe.
You shoot an arrow. The arrow hits Pargi.
Pargi is moderately wounded.
Pargi bites you. Pargi closely misses you. Pargi completely misses you.
Sigmund casts a spell.
Sigmund flickers and vanishes!
Deactivating autopickup; reactivate with Ctrl-A.
Pargi misses you. x2; Pargi claws you but does no damage.
You shoot an arrow. The arrow closely misses Pargi.
The arrow hits the kobold!
You kill the kobold!
Cheibriados thoroughly appreciates the change of pace.
Something barely misses you. Pargi bites you. Pargi claws you. x2
Pargi is nearby!
Pargi is nearby!
Unknown command.
Pargi attacks as you move away! Pargi closely misses you. Pargi claws you.
Pargi misses you. x2; Pargi claws you but does no damage. x2
Something hits you.
* * * LOW HITPOINT WARNING * * *
Pargi attacks as you move away! Pargi bites you.
* * * LOW HITPOINT WARNING * * *
Pargi closely misses you. Pargi claws you.
* * * LOW HITPOINT WARNING * * *
Pargi bites you.
* * * LOW HITPOINT WARNING * * *
Pargi misses you. Pargi claws you.
* * * LOW HITPOINT WARNING * * *
The flow of time bends around you.
Pargi resists with some effort.
Pargi barely misses you. Pargi closely misses you. x2
You fail to use your ability.
Pargi bites you.
* * * LOW HITPOINT WARNING * * *
Pargi claws you.
* * * LOW HITPOINT WARNING * * *
Pargi misses you. Something hits you.
* * * LOW HITPOINT WARNING * * *
Okay, then.
The flow of time bends around you.
Cheibriados rebukes Pargi.
Pargi seems to slow down.
Pargi barely misses you. Pargi claws you.
You die...

########## ### #.........#
#.. #.........####.#
#.....^...#....#
###.........#.#### ###
###...#..#......##..
...####...###......#..##.#
..)'.#..T##≈~.#~##.#..##.#
...#...##@≈≈~~~≈≈.###..#.#
.. #.#####≈#≈~##~~≈##....#
. #..# ≈≈≈~..~≈≈~≈#..#.>
###.~ ≈≈#..)~≈≈≈≈.#.#..
~~≈ #~~..~≈≈≈≈≈#.#..
≈≈≈#≈~.~~~≈≈≈≈~.#..
≈≈≈...~~)≈≈≈~....
≈≈~.<.~≈~~≈~..#..
~~~..)≈≈≈~~≈~###.


You could see Pargi (slow).

Vanquished Creatures
  An orc priest (D:3)
  Terence (D:2)
  An orc wizard (D:3)
  2 adders (D:2)
  A worm (D:3)
  9 dart slugs
  6 orcs
  5 bats
  5 endoplasms
  6 giant cockroaches
  5 goblins
  6 hobgoblins
  6 jackals (D:1)
  5 ball pythons
  2 frilled lizards
  3 kobolds
  11 rats
75 creatures vanquished.

Vanquished Creatures (others)
  3 withered plants (D:1)
3 creatures vanquished.

Grand Total: 78 creatures vanquished

Notes
Turn   | Place    | Note
-------+----------+-------------------------------------------
     0 | D:1      | Newt the Kobold Hunter began the quest for the Orb.
     0 | D:1      | Reached XP level 1. HP: 12/12 MP: 1/1
    85 | D:1      | Reached XP level 2. HP: 12/18 MP: 2/2
   376 | D:1      | Reached XP level 3. HP: 23/23 MP: 3/3
   730 | D:1      | Found a faded altar of an unknown god.
   739 | D:1      | Prayed at the altar of an unknown god.
   739 | D:1      | Became a worshipper of Cheibriados the Contemplative
   739 | D:1      | Reached * piety under Cheibriados
  1091 | D:2      | Gained mutation: You are dopey. (Int -2) [potion of
                  | mutation]
  1091 | D:2      | Gained mutation: Your muscles are strong. (Str +4, Int/Dex
                  | -1) [potion of mutation]
  1091 | D:2      | Gained mutation: You have a somewhat thin skeletal
                  | structure. (Dex +2, Stealth+) [potion of mutation]
  1091 | D:2      | Gained mutation: Your muscles are very strong. (Str +8,
                  | Int/Dex -2) [potion of mutation]
  1200 | D:2      | Reached XP level 4. HP: 30/30 MP: 4/4
  1561 | D:2      | Reached ** piety under Cheibriados
  1668 | D:2      | Reached skill level 5 in Fighting
  1796 | D:3      | Reached XP level 5. HP: 30/35 MP: 5/5
  1823 | D:3      | Noticed Terence
  2162 | D:2      | Killed Terence
  2163 | D:2      | Reached skill level 6 in Ranged Weapons
  2296 | D:3      | Reached skill level 7 in Ranged Weapons
  2296 | D:3      | Reached XP level 6. HP: 37/40 MP: 6/6
  2463 | D:3      | Noticed Pargi
  2466 | D:3      | Noticed Sigmund
  2478 | D:3      | HP: 2/40 [Pargi (1)]
  2479 | D:3      | Slain by Pargi

Illustrated notes

Levels and vault maps discovered:
D:1:      onia_arrival_handbag, layout_loops_corners,
          ebering_ecumenical_altar_petrified
D:2:      layout_basic
D:3:      kennysheep_slugbush, layout_basic, uniq_terence, uniq_sigmund,
          uniq_pargi

Skill      XL: |  1  2  3  4  5 |
---------------+----------------+-----
Fighting       | 3 4 5 |  5.0
Ranged Weapons | 7 |  7.2
Dodging        | |  2.4
Stealth        | |  1.3

Action                     |  1- 3 |  4- 6 || total
---------------------------+-------+-------++-------
   Fire: Shortbow          |    93 |   113 ||   206
 Invoke: Bend Time         |       |     4 ||     4
    Use: Scroll            |     6 |     2 ||     8
         Potion            |     1 |       ||     1
 Armour: Leather armour    |     9 |    14 ||    23
  Dodge: Dodged            |    31 |    75 ||   106

Table legend: (Time is in decaauts)
 A = Elapsed time spent in this place.
 B = Non-inter-level travel time spent in this place.
 C = Inter-level travel time spent in this place.
 D = Time resting spent in this place.
 E = Time spent auto-exploring this place.
 F = Levels seen in this place.
 G = Mean time per level.
                   A        B        C        D        E       F      G
               +--------+--------+--------+--------+--------+-----+--------+
         Total |   2961 |   2935 |     26 |    428 |   2039 |   3 |  987.0 |
       Dungeon |   2961 |   2935 |     26 |    428 |   2039 |   3 |  987.0 |
               +--------+--------+--------+--------+--------+-----+--------+

Top non-repeatable levels by time:
     D:2: 1423 daAuts
     D:1: 1079 daAuts
     D:3: 457 daAuts
